 Dungeon Crawl Stone Soup version 0.17-a0-1701-gf693a3f (webtiles) character file.

1548 M4edhros the Covert (level 8, 0/50 HPs)
             Began as an Octopode Artificer on Aug 21, 2015.
             Slain by an ice beast (4 damage)
             ... on level 7 of the Dungeon.
             The game lasted 00:09:57 (2836 turns).

M4edhros the Covert (Octopode Artificer)            Turns: 2836, Time: 00:09:57

Health: 0/50       AC:  3    Str: 12    XL:     8   Next: 87%
Magic:  7/10       EV: 17    Int: 20    God:    Xom [...*..]
Gold:   99         SH:  0    Dex: 16    Spells: 0 memorised, 7 levels left

rFire  . . .     SeeInvis .     o - +0 falchion "Xipao" {drain, +Fly rN+ Str+2} (curse)
rCold  . . .     Rnd*Rage +     (no shield)
rNeg   + . .     SustAt   .     (helmet restricted)
rPois  .         Gourm    .     (no amulet)
rElec  .         Spirit   .     u - +5 ring of intelligence
rCorr  .         Warding  .     h - ring of wizardry
rMut   .         Stasis   .     n - ring of loudness (curse)
MR     .....                    (no ring)
Stlth  +++++.....               (no ring)
                                (no ring)
                                (no ring)
                                (no ring)

@: not resistant to hostile enchantments, quite stealthy
A: almost no armour, amphibious, 8 rings, constrict 8, slimy green scales 1,
camouflage 1, agile 1, berserk 1, wild magic 1, gelatinous body 1, MP-powered
wands
a: Renounce Religion, Evoke Flight


You were on level 7 of the Dungeon.
You worshipped Xom.
You were a favourite toy of Xom.
You were hungry.

You visited 1 branch of the dungeon, and saw 8 of its levels.

You collected 99 gold pieces.

Inventory:

Hand weapons
 a - a +0 short sword
 g - a +0 spear
 o - the cursed +0 falchion "Xipao" (weapon) {drain, +Fly rN+ Str+2}
   (You found it on level 6 of the Dungeon)

   A truly terrible weapon, it drains the life of those it strikes.
   It affects your strength (+2).
   It protects you from negative energy.
   It lets you fly.
   It has a curse placed upon it.
Jewellery
 h - a ring of wizardry (right tentacle)
 m - an uncursed amulet of clarity {unknown}
 n - a cursed ring of loudness (on tentacle)
 u - a +5 ring of intelligence (left tentacle)
Magical devices
 b - a wand of flame (7)
 c - a wand of enslavement (15)
 d - a wand of random effects (0)
 q - a wand of random effects (17)
 s - a wand of polymorph (16)
Scrolls
 r - a scroll of enchant armour
Potions
 k - 2 potions of agility
Books
 i - a book of Cantrips

   Spells                             Type                      Level
   a - Corona                         Hexes                        1
   b - Animate Skeleton               Necromancy                   1
   c - Summon Small Mammal            Summoning                    1
   d - Apportation                    Translocation                1
Comestibles
 e - 5 bread rations
 j - a meat ration
 p - a fruit
 v - 2 slices of pizza


   Skills:
 + Level 2.0 Fighting
 - Level 1.0(1.4) Short Blades
 + Level 1.6(1.8) Long Blades
 + Level 7.8 Dodging
 - Level 10.2 Stealth
 - Level 3.2 Evocations


You had 7 spell levels left.
You didn't know any spells.

Dungeon Overview and Level Annotations

Branches:
Dungeon (8/15)
 Temple: D:4-7         Lair: D:8-11

Altars:
Kikubaaqudgha
Qazlal
Xom

Shops:
D:7 *


Innate Abilities, Weirdness & Mutations

You cannot wear most types of armour.
You are amphibious.
You can wear up to eight rings at the same time.
You can use your tentacles to constrict eight enemies at once.
Your skin changes colour to match your surroundings (Stealth).
Your rubbery body absorbs attacks (AC +1).
You are partially covered in slimy green scales (AC +2).
You are agile. (Dex +2)
You tend to lose your temper in combat.
Your spells are a little harder to cast, but a little more powerful.
You expend magic power (3 MP) to strengthen your wands.


Message History

The ice beast closely misses you.
You barely miss the ice beast.
The ice beast is moderately wounded.
The ice beast hits you. The ice beast freezes you! The ice beast hits you.
* * * LOW HITPOINT WARNING * * *
The ice beast freezes you!
* * * LOW HITPOINT WARNING * * *
You are too injured to fight recklessly!
You are too injured to fight recklessly!
Drink which item? (? for menu, Esc to quit)
Okay, then.
Evoke which item? (* to show all) (? for menu, Esc to quit)
Zapping:
b - a wand of flame (8)
Press: ? - help, Shift-Dir - straight line, f - ice beast
Aim: an ice beast (moderately wounded)
The puff of flame hits the ice beast.
The ice beast appears unharmed.
The ice beast is moderately wounded.
This wand has 7 charges left.
The ice beast hits you.
You die...
Xom chuckles heartily!

###.......#######.....##
###.....................
###...................##
###.............#....###
###.....).#######...###.
###........########.....
##...........######.....
##.......#...............
##.......@Y#....####.....<
##.......).#......##......
##.........#....#...(.###.
##..............###)#.....
##..............###.#....#
###......................#
##.........########......#
##.........#########...[..
##.........##########.....


You could see an ice beast.

Vanquished Creatures
  The ghost of elenap21 the Sneak, an experienced VSNe of Kikubaaqudgha (D:6)
  An orc warrior (D:7)
  2 black bears
  A sky beast (D:6)
  An ogre (D:7)
  A scorpion (D:5)
  2 giant frogs (D:6)
  An orc priest (D:4)
  5 hounds
  2 jellies
  2 iguanas (D:7)
  5 orc wizards
  2 worker ants
  An adder (D:7)
  7 orcs
  A ball python (D:7)
  3 bats
  A goblin (D:1)
  A hobgoblin (D:2)
  2 quokkas
  4 giant geckos
  4 jackals
  A jackal zombie (D:6)
  2 kobolds
  3 rats (D:1)
56 creatures vanquished.

Vanquished Creatures (collateral kills)
  The ghost of Conn321 the Caller, an experienced DESu (D:7)
  A scorpion (D:7)
  A hound (D:5)
  An orc wizard (D:7)
  An orc (D:7)
5 creatures vanquished.

Vanquished Creatures (others)
  An orc warrior (D:7)
  A scorpion (D:5)
2 creatures vanquished.

Grand Total: 63 creatures vanquished

Notes
Turn   | Place    | Note
--------------------------------------------------------------
     0 | D:1      | M4edhros the Octopode Artificer began the quest for the Orb.
     0 | D:1      | Reached XP level 1. HP: 13/13 MP: 3/3
   303 | D:2      | Reached XP level 2. HP: 18/18 MP: 4/4
   361 | D:3      | Reached XP level 3. HP: 20/23 MP: 5/5
   624 | D:5      | Entered Level 5 of the Dungeon
   629 | D:4      | Reached skill level 4 in Stealth
   629 | D:4      | Reached XP level 4. HP: 19/28 MP: 6/6
   654 | D:4      | Found an ancient bone altar of Kikubaaqudgha.
   822 | D:5      | HP: 1/28 [hound (2)]
   824 | D:5      | Reached XP level 5. HP: 1/33 MP: 7/7
  1031 | D:5      | Reached skill level 5 in Stealth
  1259 | D:6      | Got an iridescent falchion
  1260 | D:6      | Identified the cursed +0 falchion "Xipao" {drain, +Fly rN+ Str+2} (You found it on level 6 of the Dungeon)
  1314 | D:6      | Noticed a sky beast
  1318 | D:6      | Reached XP level 6. HP: 38/38 MP: 8/8
  1325 | D:5      | Reached skill level 6 in Stealth
  1327 | D:5      | Noticed a scorpion
  1364 | D:5      | a scorpion (ally) was killed
  1437 | D:6      | Killed a sky beast
  1437 | D:6      | Reached skill level 5 in Dodging
  1441 | D:6      | Gained mutation: You expend magic power (3 MP) to strengthen your wands. [mutagenic meat]
  1442 | D:6      | Gained mutation: You tend to lose your temper in combat. [mutagenic meat]
  1443 | D:6      | Gained mutation: You are agile. (Dex +2) [mutagenic meat]
  1444 | D:6      | Gained mutation: Your spells are a little harder to cast, but a little more powerful. [mutagenic meat]
  1445 | D:6      | Gained mutation: You are partially covered in slimy green scales (AC +2). [mutagenic meat]
  1525 | D:6      | Reached skill level 7 in Stealth
  1569 | D:6      | You fall through a shaft!
  1577 | D:7      | Reached XP level 7. HP: 29/43 MP: 9/9
  1587 | D:7      | Found a stormy altar of Qazlal.
  1588 | D:7      | Noticed an air elemental
  1588 | D:7      | Noticed a fire elemental
  1588 | D:7      | Noticed a water elemental
  1711 | D:7      | Found a shimmering altar of Xom.
  1724 | D:7      | Became a worshipper of Xom of Chaos
  1750 | D:7      | Noticed Conn321's ghost (experienced DESu)
  1755 | D:7      | XOM: potion effect (heal wounds)
  1759 | D:7      | XOM: potion effect (haste)
  1761 | D:7      | XOM: harmless Chrm miscast
  1778 | D:7      | XOM: smoke on damage
  1781 | D:7      | XOM: potion effect (magic)
  1784 | D:7      | Reached skill level 8 in Stealth
  1801 | D:7      | Killed Conn321's ghost
  1923 | D:7      | Found Pabits's Assorted Antiques.
  2011 | D:7      | XOM: summons friendly white imp
  2014 | D:7      | XOM: polymorph white imp -> iron imp
  2017 | D:7      | Reached XP level 8. HP: 26/48 MP: 0/10
  2070 | D:7      | Reached skill level 9 in Stealth
  2136 | D:7      | XOM: vitrification
  2237 | D:7      | XOM: mild Necr miscast
  2349 | D:6      | Noticed elenap21's ghost (experienced VSNe)
  2360 | D:6      | XOM: summons friendly quasit
  2368 | D:6      | XOM: summons 4 friendly demons
  2418 | D:6      | XOM: 2-stop teleportation journey
  2441 | D:6      | Killed elenap21's ghost
  2441 | D:6      | Reached skill level 10 in Stealth
  2458 | D:6      | XOM: harmless Air miscast
  2515 | D:8      | Reached skill level 1 in Long Blades
  2639 | D:8      | XOM: enchant monster (good)
  2648 | D:8      | XOM: smoke on damage
  2836 | D:7      | Slain by an ice beast

Vault maps used:
D:1:      mrwooster_arrival_statue_3
D:2:      overflow_temple_1_default, serial_co_window_serial,
          co_window_of_opportunity_a, co_window_corner_a, co_window_paths_b,
          co_window_corner_a, co_window_corner_a, co_window_broadway_b,
          co_window_unsneaky_path_d, co_window_broadway_a, co_window_2corner,
          co_window_unsneaky_path_d, co_window_paths_d, glass_columns_c,
          glass_columns_a, glass_columns_b, glass_columns_a,
          nicolae_ru_the_path_less_chosen, uniq_terence
D:3:      first_bread
D:4:      lemuel_doored_altar, serial_shops, kennysheep_mini,
          minmay_misc_feat_square, uniq_menkaure, uniq_natasha
D:5:      okawaru_altar_gauntlet_db, minmay_temple_entry_overgrown
D:7:      nicolae_overflow_crystal_walls, serial_shops, shop,
          nicolae_qazlal_style_of_elements
D:8:      minitemple, serial_shops, kennysheep_mini_moat

Action                   |  1- 3 |  4- 6 |  7- 9 || total
-------------------------+-------+-------+-------++-------
Melee: Short sword       |    11 |       |       ||    11
       Spear             |    24 |    34 |       ||    58
       Falchion          |       |    20 |    89 ||   109
Evoke: Wand              |     4 |     8 |    17 ||    29
  Use: Potion            |       |       |    11 ||    11
       Scroll            |       |       |     8 ||     8
 Stab: Sleeping          |     4 |     4 |     6 ||    14
       Paralysed         |       |     3 |       ||     3
  Eat: Chunk             |       |     7 |     5 ||    12
